Unix NetHack Version 5.0.0-0 post-release - last build May 17 2026 04:57:42 (dc50c8380fa5e20985bfe3072449f57b8d9895ef,branch:main).

Game began 2026-05-20 17:30:33, ended 2026-05-20 19:12:57.

Eymerich, chaotic male elven Priest

                 #
              ---.----                        --.----
              |.......#                       |.....|
              |......|#                       |......#
          ####%......|#                       |.....|##                  -----
         ##   |..[...|#     -------           |.....-#################   |...|
         #    |....).|##    |.....|           --.---- ##             ####....|
    -----#    |..>...| #    |.....|             #          -----         |...|
    |)[.|#    -------- ##   |......#         ####          |.>..|        -.---
    |[..|#              #   -.-----#         #             |....Zd        #
    |[[)[#              #    #     #         #             |....|@        #
    |[).|               #    #     #         #             |..`? #        #
    -----               #    #     ##        #             +...  d        #
                        #----|--    #        #             |...  #       ##
                        #....<.|    #        #             ----  #       #
                         |.....|    ###------|---                d     --|--
                         |.....|      #-..F.....|                #     |...|
                         -------       |........|                ##    |...|
                                       |........|                 #####....|
                                       ----------                      -----

Eymerich the Acolyte         St:15 Dx:10 Co:12 In:9 Wi:19 Ch:11  Chaotic
Dlvl:3  $:9  HP:0(33) Pw:48(48) AC:8  Xp:4 T:2331  Burdened

Latest messages:
 The jackal misses the iguana.
 The jackal misses the iguana.
 The jackal misses the iguana.
 The jackal misses it.
 The jackal misses it.
 The jackal bites the iguana.
 The iguana misses the jackal.
 The jackal bites the iguana.
 The iguana is killed!
 You stop.  Your jackal is in the way!
 You stop.  Your jackal is in the way!
 You attack thin air.
 This door is locked.
 Unlock it with your lock pick? [ynq] (q)
 You succeed in picking the lock.
 The door resists!
 The door resists!
 The door opens.
 The orc zombie hits!
 You swap places with your jackal.
 The jackal bites it.
 The jackal misses it.
 The jackal bites it.
 It misses the jackal.
 The jackal bites it.
 It hits the jackal.
 The jackal is killed!
 Are you waiting to get hit?  Use 'm' prefix to force a no-op (to rest).
 You swap places with your jackal.
 The jackal misses it.
 You hear some noises.
 You swap places with your coyote.
 You swap places with your jackal.
 You swap places with your jackal.
 You hear some noises.
 You hear some noises in the distance.
 You have a sad feeling for a moment, then it passes.
 The coyote misses it.
 The coyote misses it.
 The orc zombie hits!
 The coyote bites the orc zombie.
 The orc zombie hits the coyote.
 The orc zombie hits!
 You destroy the orc zombie!
 You hit the orc zombie!
 The orc zombie hits!
 You die...
 Do you want your possessions identified? [ynq] (y)
 Do you want to see your attributes? [ynq] (y)
 Do you want an account of creatures vanquished? [ynaq] (y)

Inventory:
 Coins    ('$')
  $ - 9 gold pieces
 Weapons  (')')
  H - a blessed +0 dart
  t - a +0 orcish dagger (at the ready)
  a - a blessed +1 mace (weapon in right hand)
 Armor    ('[')
  u - a +0 orcish helm (being worn)
  x - a +0 alchemy smock with text "If you can't stand the heat, get out of Gehennom!" (being worn)
  w - a +0 cloak of displacement
  F - a +0 oilskin cloak
  b - a +0 robe
 Comestibles  ('%')
  k - a carrot
  e - a clove of garlic
  n - 3 food rations
  j - a lichen corpse
 Scrolls  ('?')
  v - a scroll of confuse monster
  y - a cursed scroll of genocide
  A - a scroll of taming
 Spellbooks  ('+')
  g - a spellbook of protection
  h - a spellbook of remove curse
  r - a spellbook of sleep
 Potions  ('!')
  s - a potion of confusion
  m - a potion of healing
  q - a potion of monster detection
  z - a potion of oil
  l - a potion of speed
  d - 4 potions of holy water
 Tools    ('(')
  i - a leather drum
  I - a beartrap
  J - a lock pick
 Gems/Stones  ('*')
  c - 2 worthless pieces of black glass named soft
  D - a worthless piece of yellow glass named soft

Eymerich the Priest's attributes:

Background:
 You were an Acolyte, a level 4 elven Priest.
 You were chaotic, on a mission for Huhetotl
 who was opposed by Quetzalcoatl (lawful) and Camaxtli (neutral).
 You were right-handed.
 You were in the Dungeons of Doom, on level 3.
 You entered the dungeon 2331 turns ago.
 You had 101 experience points, 59 more were needed to attain level 5.

Basics:
 You had 0 out of 33 hit points.
 You had all 48 energy points (spell power).
 Your armor class was 8.
 Your wallet contained 9 zorkmids.
 Autopickup was off.

Final Characteristics:
 Your strength was 15 (limit:18).
 Your dexterity was 10 (limit:18).
 Your constitution was 12 (limit:16).
 Your intelligence was 9 (limit:20).
 Your wisdom was 19 (limit:20).
 Your charisma was 11 (limit:18).

Final Status:
 You weren't hungry.
 You were burdened; movement was slightly slowed.
 You were wielding a mace.
 You had basic skill with mace.

Final Attributes:
 You were piously aligned.
 You were sleep resistant.
 You were poison resistant.
 You were acid resistant.
 Your items were protected from acid.
 You had infravision.
 You were warded.
 You are dead.

Miscellaneous:
 You didn't encounter any bones levels.
 Total elapsed playing time was 1 hour, 23 minutes and 33 seconds.

Major events:
 Turn
    1: Eymerich the chaotic elven Priest entered the dungeon
 1008: attained the rank of Acolyte (level 3)
 2331: killed by an orc zombie

Spells:
 Name                 Level Category     Fail Retention
 protection             1   clerical       3%   81%-90%
 remove curse           3   clerical       0%   81%-90%

Skills:
 Fighting Skills
   bare handed combat [Unskilled]
 Weapon Skills
   club               [Unskilled]
   mace               [Basic]
   morning star       [Unskilled]
   flail              [Unskilled]
   hammer             [Unskilled]
   quarterstaff       [Unskilled]
   polearms           [Unskilled]
   spear              [Unskilled]
   trident            [Unskilled]
   lance              [Unskilled]
   bow                [Unskilled]
   sling              [Unskilled]
   crossbow           [Unskilled]
   dart               [Unskilled]
   shuriken           [Unskilled]
   boomerang          [Unskilled]
   unicorn horn       [Unskilled]
 Spellcasting Skills
   healing spells     [Unskilled]
   divination spells  [Unskilled]
   clerical spells    [Basic]

Voluntary challenges:
 Character rerolling was not enabled.
 You never genocided any monsters.
 You never polymorphed an object.
 You used no wishes.
Achievements:
 You attained the rank of Acolyte.
 You entered a shop.

 The Dungeons of Doom: levels 1 to 4
    Level 1:
       An altar, some fountains.
    Level 2:
       Some fountains.
    Level 3: <- You were here.
       An armor shop.
       Final resting place for
          you, killed by an orc zombie.
    Level 4:


Vanquished creatures:
 an orc zombie
  2 werejackals
  4 iguanas
 an acid blob
  a gas spore
  a brown mold
  a green mold
  2 gnome zombies
  3 geckos
 10 jackals
  2 foxes
  6 goblins
  a sewer rat
  8 grid bugs
  3 lichens
  3 kobold zombies
  4 newts
53 creatures vanquished.

No species were genocided or became extinct.

Game over:
                       ----------
                      /          \
                     /    REST    \
                    /      IN      \
                   /     PEACE      \
                  /                  \
                  |     Eymerich     |
                  |       9 Au       |
                  | killed by an orc |
                  |      zombie      |
                  |                  |
                  |                  |
                  |       2026       |
                 *|     *  *  *      | *
        _________)/\\_//(\/(/\)/\//\/|_)_______

Goodbye Eymerich the Priest...

You died in The Dungeons of Doom on dungeon level 3 with 573 points,
and 9 pieces of gold, after 2331 moves.
You were level 4 with a maximum of 33 hit points when you died.

